 Dungeon Crawl Stone Soup version 0.30-a0-557-ge2afbf3030 (webtiles) character file.

Game seed: 15523717883427927301

23 elagabalus the Grave Robber (level 2, -3/15 HPs)
             Began as a Deep Elf Necromancer on Dec 27, 2022.
             Slain by Terence
             ... wielding a +1 mace of protection
              (6 damage)
             ... on level 1 of the Dungeon.
             The game lasted 00:06:42 (910 turns).

elagabalus the Grave Robber (Deep Elf Necromancer)   Turns: 910, Time: 00:06:42

Health: -3/15      AC:  2    Str:  5    XL:     2   Next: 75%
Magic:  5/8        EV: 12    Int: 19    God:
Gold:   60         SH:  0    Dex: 15    Spells: 6/7 levels left

rFire   . . .      SeeInvis .    f - +0 whip
rCold   . . .      Faith    .    (no shield)
rNeg    . . .      Spirit   .    a - +0 robe
rPois   .          Reflect  .    (no helmet)
rElec   .          Harm     .    (no cloak)
rCorr   .          Rampage  .    (no gloves)
Will    .....                    (no boots)
Stlth   ++                       c - amulet of the acrobat
HPRegen 0.22/turn                (no ring)
MPRegen 0.11/turn                (no ring)

@: no status effects
A: no striking features
a: no special abilities


You were on level 1 of the Dungeon.
You visited 1 branch of the dungeon, and saw 2 of its levels.

You collected 60 gold pieces.

Inventory:

Hand Weapons
 d - a +0 dagger
 f - a +0 whip (weapon)
Armour
 a - a +0 robe (worn)
Jewellery
 c - an amulet of the acrobat (around neck)
Scrolls
 g - a scroll of vulnerability {unknown}
 h - a scroll of magic mapping {unknown}
Potions
 b - a potion of magic


   Skills:
 - Level 2.4 Dodging
 - Level 2.4 Stealth
 - Level 3.0 Spellcasting
 * Level 5.9 Necromancy


You had 6 spell levels left.
You knew the following spells:

 Your Spells              Type           Power      Damage    Failure   Level
a - Necrotise             Necr           100%       1d9       1%          1

Your spell library contained the following spells:

 Spells                   Type           Power      Damage    Failure   Level
 Vampiric Draining        Necr           25%        2d7       4%          3
 Animate Dead             Necr           25%        N/A       13%         4
 Agony                    Necr           25%        N/A       36%         5


Dungeon Overview and Level Annotations

Branches:
Dungeon (2/15)

Altars:

Shops:
D:1 =

Annotations:
D:1 Terence


Message History

The air fills with toxic fumes!
As you read the scroll labelled BUH YFIBOHOU, it crumbles to dust.
It was a scroll of poison.
You climb upwards.
There is a stone staircase leading down here.
You see here a +0 club.
You see here a +0 club.
There is an open door here.
There is an open door here.
There is a stone staircase leading down here.
You climb downwards.
Terence shouts!
Found 2 grey potions.
There is a stone staircase leading up here.
Aiming: Necrotise (safe; 1% risk of failure)
Press: ? - help, Q - select action Shift-Dir - straight line, f - Terence
Aim: Terence, wielding a +1 mace of protection and wearing a +0 scale mail (chance to affect: 88%) Terence barely resists.
Terence hits you with a +1 mace of protection.
Terence drinks a potion.
Terence seems to speed up.
You climb upwards.
There is a stone staircase leading down here.
Really read the scroll of poison?
The air fills with toxic fumes!
As you read the scroll of poison, it crumbles to dust.
Terence hits you with a +1 mace of protection.
Terence bares his teeth.
Terence misses you.
Aiming: Necrotise (safe; 1% risk of failure)
Press: ? - help, Q - select action Shift-Dir - straight line, f - Terence
Aim: Terence, wielding a +1 mace of protection and wearing a +0 scale mail (fast, chance to affect: 88%) Terence writhes in agony!
Terence hits you with a +1 mace of protection.
* * * LOW HITPOINT WARNING * * *
Aiming: Necrotise (safe; 1% risk of failure)
Press: ? - help, Q - select action Shift-Dir - straight line, f/p - Terence
Aim: Terence, wielding a +1 mace of protection and wearing a +0 scale mail (moderately wounded, fast, chance to affect: 88%) Terence barely resists.
Terence hits you with a +1 mace of protection.
You die...

##### ....# ....#
....# ....#
....##############
....'....§§§§§§@@#
....############§#
....# #§# ....# ####
#§# ##### ##..####§#
#..#...#§####### #
#######.#....§#§.....#
#
#.......#..∩.§######.#
###....)..#.....## #.#


You could see Terence (fast).

Vanquished Creatures
  2 endoplasms (D:1)
  2 giant cockroaches (D:1)
  5 goblins (D:1)
  3 hobgoblins (D:1)
  A quokka (D:1)
  2 ball pythons (D:1)
  2 bats (D:1)
  3 rats (D:1)
20 creatures vanquished.

Vanquished Creatures (collateral kills)
  A kobold (D:1)
  A rat (D:1)
2 creatures vanquished.

Grand Total: 22 creatures vanquished

Notes
Turn   | Place    | Note
-------+----------+-------------------------------------------
     0 | D:1      | elagabalus the Deep Elf Necromancer began the quest for the
                  | Orb.
     0 | D:1      | Reached XP level 1. HP: 10/10 MP: 6/6
    35 | D:1      | Reached skill level 5 in Necromancy
    44 | D:1      | Found Gaocrekh's One-of-a-Kind Rings.
   140 | D:1      | Reached XP level 2. HP: 15/15 MP: 4/8
   904 | D:2      | Noticed Terence
   910 | D:1      | Slain by Terence

Illustrated notes

Levels and vault maps discovered:
D:1:      matt_arrival_grand_opening, layout_basic, dreamdust_princess_corridor,
          nicolae_shop_unique_rings
D:2:      layout_basic, serial_aquarium, aquarium_bridge_square
          [aquarium_subvault_wall, aquarium_subvault_balcony,
          aquarium_subvault_window, aquarium_subvault_bridge],
          aquarium_window_fake, aquarium_window_corridor_1, aquarium_view_2b,
          aquarium_view_2d, aquarium_pool_S, uniq_robin, uniq_terence,
          uniq_natasha

Skill      XL: |  1 |
---------------+----+-----
Necromancy     | 5 |  5.9
Dodging        | |  2.4
Stealth        | |  2.4
Spellcasting   | |  3.0

Action                   || total
-------------------------++-------
Melee: Dagger            ||     1
 Cast: Necrotise         ||    37
  Use: Scroll            ||     2
Armor: Robe              ||     3
Dodge: Dodged            ||     9

Table legend: (Time is in decaauts)
 A = Elapsed time spent in this place.
 B = Non-inter-level travel time spent in this place.
 C = Inter-level travel time spent in this place.
 D = Time resting spent in this place.
 E = Time spent auto-exploring this place.
 F = Levels seen in this place.
 G = Mean time per level.
                   A        B        C        D        E       F      G
               +--------+--------+--------+--------+--------+-----+--------+
         Total |    909 |    127 |    782 |      0 |      0 |   2 |  454.5 |
       Dungeon |    909 |    127 |    782 |      0 |      0 |   2 |  454.5 |
               +--------+--------+--------+--------+--------+-----+--------+

Top non-repeatable levels by time:
     D:1: 904 daAuts
     D:2: 5 daAuts
